 Dungeon Crawl Stone Soup version 0.31.0-11-ge490571c62 (webtiles) character file.

Game seed: 18053341970980535271

16 browni3141 the Trooper (level 2, -11/25 HPs)
             Began as a Barachi Monk on Feb 1, 2024.
             Mangled by Menkaure (22 damage)
             ... on level 4 of the Dungeon.
             The game lasted 00:01:07 (155 turns).

browni3141 the Trooper (Barachi Monk)                Turns: 155, Time: 00:01:08

Health: -11/25     AC:  2    Str: 12    XL:     2   Next: 54%
Magic:  2/2        EV: 13    Int: 10    God:
Gold:   15         SH:  0    Dex: 14    Spells: 1/1 levels left

rFire   . . .        a - +0 falchion
rCold   . . .        d - orb {light}
rNeg    . . .        b - +0 robe
rPois   .            (no helmet)
rElec   .            (no cloak)
rCorr   .            (no gloves)
SInv    .            (no boots)
Will    .....        (no amulet)
Stlth   +            (no ring)
HPRegen 0.24/turn    (no ring)
MPRegen 0.08/turn

%: no passive effects
@: confused, ambrosia-drunk, attractive, glowing, slow
A: amphibious, slowness 1, strong legs 1, +LOS
a: Hop


You were on level 4 of the Dungeon.
You visited 1 branch of the dungeon, and saw 4 of its levels.

You collected 15 gold pieces.

Inventory:

Hand Weapons
 a - a +0 falchion (weapon)
Armour
 b - a +0 robe (worn)
 d - an orb of light (worn)


   Skills:
 + Level 4.0 Fighting
 + Level 4.0 Long Blades
 + Level 3.6 Dodging


You had one spell level left.
You didn't know any spells.
Your spell library was empty.

Dungeon Overview and Level Annotations

Branches:
Dungeon (4/15)
 Temple: D:4-7

Altars:

Annotations:
D:4 Menkaure


Innate Abilities, Weirdness & Mutations

You are amphibious.
You cover ground slowly.
You can hop short distances.
You have an extended range of vision and can be seen from far away.


Message History

There is a stone staircase leading up here.
The endoplasm quivers.
You climb upwards.
There is a stone staircase leading down here.
You climb downwards.
There is a stone staircase leading up here.
You hit the endoplasm.
The endoplasm is moderately wounded.
The endoplasm hits you.
You completely miss the endoplasm.
The endoplasm is moderately wounded.
The endoplasm closely misses you.
You slash the endoplasm!
You kill the endoplasm!
No target in view!
You see here the +0 mace "Utsil" {freeze, rN+ Str+4 Stlth+}.
A hobgoblin comes into view.
The hobgoblin shouts!
The hobgoblin barely misses you.
You hit the hobgoblin.
The hobgoblin is moderately wounded.
The hobgoblin hits you but does no damage.
You barely miss the hobgoblin.
The hobgoblin is moderately wounded.
The hobgoblin barely misses you. The hobgoblin closely misses you.
You hit the hobgoblin.
The hobgoblin is almost dead.
The hobgoblin closely misses you.
You hit the hobgoblin but do no damage.
The hobgoblin is almost dead.
The hobgoblin barely misses you. The hobgoblin closely misses you.
You hit the hobgoblin.
You kill the hobgoblin!
A kobold comes into view. It is wielding a +0 vampiric whip.
The kobold shouts!
The kobold hits you with a +0 vampiric whip.
You barely miss the kobold. The kobold barely misses you.
You hit the kobold.
You kill the kobold!
No target in view!
Things that are here:
a +0 vampiric whip; a stone; a kobold corpse You see here a cyan potion.
e - a cyan potion You are ready to hop once more.
Things that are here:
a +0 vampiric whip; a stone; a kobold corpse You see here a Young Poisoner's Handbook.
Found a stone staircase leading down.
There is a stone staircase leading down here.
You climb downwards.
You hear the sound of rushing water.
There is an entrance to a sewer on this level.
Hurry and find it before the portal rusts away!
The orc shouts!
Found a murky grey potion and a robe.
Found an escape hatch in the floor.
There is a stone staircase leading up here.
An adder comes into view.
The orc wizard gestures at you while chanting.
The magic dart hits you.
The adder moves out of view.
The orc wizard points at you and mumbles some strange words.
The magic dart hits you! The adder bites you but does no damage.
The adder closely misses you.
You barely miss the adder. The adder bites you.
The adder attacks as it pursues you! The adder bites you but does no damage.
The adder barely misses you.
You slash the adder!
The adder is severely wounded.
The adder closely misses you.
You slash the adder!
You kill the adder!
Your Fighting skill increases to level 4!
Your Long Blades skill increases to level 4!
You have reached level 2!
An orc comes into view. It is wielding a +0 dagger.
The orc wizard gestures wildly while chanting.
The orc wizard flickers and vanishes!
You barely miss the orc. The orc closely misses you.
The orc attacks as it pursues you! The orc barely misses you.
There is an escape hatch in the floor here.
You slide downwards.
The hatch slams shut behind you.
Menkaure shouts!
You barely miss the orc. The orc closely misses you.
A ball python comes into view.
The ball python hisses angrily.
The orc attacks as it pursues you! The orc completely misses you.
The orc hits you with a +0 mace.
You hit the orc.
The orc is almost dead.
The orc closely misses you.
You slash the orc!
You kill the orc!
It was a potion of attraction.
You feel attractive to monsters. The dart slug launches a dart at you.
The slug dart hits you. The dart slug is attracted toward you.
You are confused.
You feel invigorated. Menkaure hits you!!
Ouch! That really hurt!
You die...

### ..# #.# #.#
#.# #.#
########.####
#.....=.SM@.#
.######)##w# #.#
.# #S# ยง.
.................
................#
..#######.w...###
#S!.## #.##


You could see Menkaure, a dart slug and a ball python.

Vanquished Creatures
  An adder (D:3)
  An orc (D:4)
  An endoplasm (D:2)
  A hobgoblin (D:2)
  A kobold (D:2)
  A bat (D:2)
6 creatures vanquished.

Notes
Turn   | Place    | Note
-------+----------+-------------------------------------------
     0 | D:1      | browni3141 the Barachi Monk began the quest for the Orb.
     0 | D:1      | Reached XP level 1. HP: 18/18 MP: 1/1
    62 | D:2      | Identified the +0 mace "Utsil" {freeze, rN+ Str+4 Stlth+}
   129 | D:3      | Noticed an orc wizard
   138 | D:3      | Reached XP level 2. HP: 10/25 MP: 2/2
   146 | D:4      | Noticed Menkaure
   155 | D:4      | Mangled by Menkaure

Illustrated notes

Levels and vault maps discovered:
D:1:      dpeg_arrival_round_a, layout_basic, dilly_ecumenical_altar_fadedgnrine
D:2:      kennysheep_six_static_rooms, layout_basic, basic_altar
D:3:      layout_rooms, mainiacjoe_overflow_small_starburst, lemuel_tele_altar,
          portal_sewer_entry_e
D:4:      layout_loops_ring, nemelex_xobeh_ov_fountains_minmay,
          mainiacjoe_overflow_paths, minmay_temple_entry_grid,
          chequers_serial_rivers_micro_e, dreamdust_mushroom_princess,
          grunt_decor_fettered, uniq_menkaure

Skill      XL: |  1 |
---------------+----+-----
Fighting       | 4 |  4.0
Long Blades    | 4 |  4.0
Dodging        | |  3.6

Action                     || total
---------------------------++-------
  Melee: Falchion          ||    18
Ability: Hop               ||     1
    Use: Potion            ||     2
 Armour: Robe              ||    11
  Dodge: Dodged            ||    16
